Unix NetHack Version 5.0.0-0 post-release - last build May 23 2026 06:08:33 (1c0ff79ee797540d5714e4e18072db0edd9e58ae,branch:main).

Game began 2026-05-29 13:31:57, ended 2026-05-29 13:40:27.

Hekik, neutral male gnomish Wizard

    ---
   --.--      ----------------
  --..*--     |S@S...........|
  |).....#    |SSS.f.........|
  --^..--#    |..............|
   --.-- #    |...............                     #
    --- ##    ----------.-----                 #####
        #               #                     ##   %
        #          ######                     #    #
        #          #                          #    #
      ###  #########      0#######            #    [
      #----.---------   #%#      #            #   ##
      #|.............####        #      ------#  ##
      #|............|            #######..`{.|#  #----------
      #|.............                   |....-#  #-......%.|
      #.............|                   |....|    |.....)..|
       |............|                   .....|    |......<%.
       --------------                   ------    ---------

Hekik the Conjurer        St:8 Dx:14 Co:14 In:15 Wi:12 Ch:12  Neutral
Dlvl:1  $:8  HP:0(24) Pw:29(33) AC:8  Xp:3/79 T:335 

Latest messages:
 Thwack!!
 In what direction?
 Whammm!!
 In what direction?
 Whammm!!
 In what direction?
 Whammm!!
 In what direction?
 Whammm!!
 In what direction?
 Thwack!!
 In what direction?
 Thwack!!
 In what direction?
 Whammm!!
 In what direction?
 Whammm!!
 In what direction?
 Thwack!!
 In what direction?
 Thwack!!
 In what direction?
 Thwack!!
 In what direction?
 Whammm!!
 In what direction?
 Thwack!!
 In what direction?
 As you kick the door, it crashes open!
 Drink from the fountain? [yn] (n)
 An endless stream of snakes pours forth!
 The fountain dries up!
 You hit the water moccasin.
 The water moccasin bites!
 The water moccasin bites!
 The water moccasin bites!
 The water moccasin bites!
 The water moccasin bites!
 The water moccasin bites!
 The water moccasin bites!
 The water moccasin bites!
 You miss the water moccasin.
 The water moccasin bites!
 The water moccasin bites!
 You die...
 Do you want your possessions identified? [ynq] (y)
 Do you want to see your attributes? [ynq] (y)
 Do you want an account of creatures vanquished? [ynaq] (y)
 Do you want to see your conduct and achievements? [ynq] (y)
 Do you want to see the dungeon overview? [ynq] (y)

Inventory:
 Coins    ('$')
  $ - 8 gold pieces
 Weapons  (')')
  o - an uncursed corroded +0 orcish dagger (weapon in right hand)
  a - a blessed +1 quarterstaff
 Armor    ('[')
  q - an uncursed +0 orcish helm (being worn)
  b - an uncursed +0 cloak of magic resistance (being worn)
 Comestibles  ('%')
  r - an uncursed food ration
 Scrolls  ('?')
  i - an uncursed scroll of identify
  k - an uncursed scroll of punishment
  j - a blessed scroll of taming
 Spellbooks  ('+')
  m - an uncursed spellbook of detect monsters
  l - a blessed spellbook of force bolt
 Potions  ('!')
  g - a blessed potion of blindness
  h - an uncursed potion of booze
  f - an uncursed potion of speed
 Rings    ('=')
  d - an uncursed ring of free action
  e - an uncursed ring of polymorph
 Wands    ('/')
  c - an uncursed wand of cancellation (0:6)
  s - an uncursed wand of speed monster (0:3)
 Tools    ('(')
  n - an uncursed magic marker (0:21)
  t - a cursed stethoscope named cursed

Hekik the Wizard's attributes:

Background:
 You were a Conjurer, a level 3 male gnomish Wizard.
 You were neutral, on a mission for Thoth
 who was opposed by Ptah (lawful) and Anhur (chaotic).
 You were right-handed.
 You were in the Dungeons of Doom, on level 1.
 You entered the dungeon 335 turns ago.
 You had 79 experience points, 1 more was needed to attain level 4.

Basics:
 You had 0 out of 24 hit points.
 You had 29 out of 33 energy points (spell power).
 Your armor class was 8.
 Your wallet contained 8 zorkmids.
 Autopickup was off.

Final Characteristics:
 Your strength was 8 (limit:18/50).
 Your dexterity was 14 (limit:18).
 Your constitution was 14 (limit:18).
 Your intelligence was 15 (limit:19).
 Your wisdom was 12 (limit:18).
 Your charisma was 12 (limit:18).

Final Status:
 You weren't hungry.
 You were unencumbered.
 You were wielding a dagger.
 You were unskilled in dagger.

Final Attributes:
 You were fervently aligned.
 You were magic-protected.
 You had infravision.
 You were warded.
 You are dead.

Miscellaneous:
 You didn't encounter any bones levels.
 Total elapsed playing time was 8 minutes and 27 seconds.

Major events:
 Turn
    1: Hekik the neutral male gnomish Wizard entered the dungeon
  199: attained the rank of Conjurer (level 3)
  335: killed by a water moccasin

Spells:
 Name                 Level Category     Fail Retention
 force bolt             1   attack         3%  91%-100%
 detect monsters        1   divination     3%  76%-100%

Skills:
 Fighting Skills
   bare handed combat [Unskilled]
   riding             [Unskilled]
 Weapon Skills
   dagger             [Unskilled]
   knife              [Unskilled]
   axe                [Unskilled]
   short sword        [Unskilled]
   club               [Unskilled]
   mace               [Unskilled]
   quarterstaff       [Basic]
   polearms           [Unskilled]
   spear              [Unskilled]
   trident            [Unskilled]
   sling              [Unskilled]
   dart               [Unskilled]
   shuriken           [Unskilled]
 Spellcasting Skills
   attack spells      [Basic]
   healing spells     [Unskilled]
   divination spells  [Unskilled]
   enchantment spells [Basic]
   clerical spells    [Unskilled]
   escape spells      [Unskilled]
   matter spells      [Unskilled]

Voluntary challenges:
 Character rerolling was not enabled.
 You followed a strict vegan diet.
 You were an atheist.
 You never genocided any monsters.
 You never polymorphed an object.
 You never changed form.
 You used no wishes.
Achievement:
 You attained the rank of Conjurer.

 The Dungeons of Doom:
    Level 1: <- You were here.
       A fountain.
       Final resting place for
          you, killed by a water moccasin.


Vanquished creatures:
  3 fog clouds
  a green mold
  3 jackals
  a kobold
  2 goblins
  a sewer rat
  a grid bug
  3 lichens
  a newt
16 creatures vanquished.

No species were genocided or became extinct.

Game over:
                       ----------
                      /          \
                     /    REST    \
                    /      IN      \
                   /     PEACE      \
                  /                  \
                  |      Hekik       |
                  |       8 Au       |
                  |   killed by a    |
                  |  water moccasin  |
                  |                  |
                  |                  |
                  |       2026       |
                 *|     *  *  *      | *
        _________)/\\_//(\/(/\)/\//\/|_)_______

Goodbye Hekik the Wizard...

You died in The Dungeons of Doom on dungeon level 1 with 324 points,
and 8 pieces of gold, after 335 moves.
You were level 3 with a maximum of 24 hit points when you died.

